[Event "European Online Club-ch-C 2021"]
[Site "Online"]
[Date "2021.03.27"]
[Round "7.4"]
[White "Deveci, Huseyin Said"]
[Black "Alvarez Fernandez, Enrique"]
[Result "0-1"]
[ECO "B95"]
[WhiteElo "1521"]
[BlackElo "2349"]
[Annotator "NA"]
[PlyCount "98"]
[EventDate "2021.03.27"]
[EventType "team-tourn"]
[EventCountry "NET"]
[SourceTitle "playchess.com"]
[Source "ChessBase"]
[SourceQuality "1"]
[TimeControl "900+5"]

1. e4 c5 2. Nf3 d6 3. d4 cxd4 4. Nxd4 Nf6 5. Nc3 a6 6. Bg5 e6 7. Qd2 Be7 8. O-O-O h6 9. Bxf6 Bxf6 10. f3 O-O 11. Kb1 b5 12. g4 Bb7 13. Bg2 Nd7 14. Nde2 Be7 15. Ng3 Ne5 16. Nh5 Rc8 17. f4 Nc4 18. Qd4 e5 19. fxe5 dxe5 20. Qa7 Qc7 21. Rd3 Bc5 22. Nd5 Bxa7 23. Nxc7 Rxc7 24. Rhd1 Ne3 25. R1d2 Nxg2 26. Rxg2 Bxe4 27. Rgg3 Bxd3 28. Rxd3 Rc4 29. h3 Rd4 30. Kc1 Rxd3 31. c3 Rxh3 32. Kc2 Rxh5 33. gxh5 g6 34. hxg6 fxg6 35. Kd2 h5 36. Ke2 e4 37. Ke1 Rf2 38. b3 e3 39. b4 Kf7 40. a3 Ke6 41. Kd1 Kd5 42. Ke1 Kc4 43. Kd1 Kd3 44. Ke1 h4 45. c4 bxc4 46. a4 h3 47. b5 axb5 48. axb5 h2 49. b6 h1=R# 0-1

[Event "European Online Club-ch-C 2021"]
[Site "Online"]
[Date "2021.03.27"]
[Round "7.5"]
[White "Babula, Vlastimil"]
[Black "Nguyen, Thai Dai Van"]
[Result "1/2-1/2"]
[ECO "D26"]
[WhiteElo "2559"]
[BlackElo "2577"]
[Annotator "ChessBase"]
[PlyCount "88"]
[EventDate "2021.03.27"]
[EventType "team-tourn"]
[EventCountry "NET"]
[SourceTitle "playchess.com"]
[Source "ChessBase"]
[SourceQuality "1"]
[TimeControl "900+5"]

1. d4 d5 2. c4 dxc4 3. e3 Nf6 4. Bxc4 e6 5. Nf3 c5 6. O-O a6 7. a4 cxd4 8. exd4 Nc6 9. Nc3 Be7 10. Re1 O-O 11. Bf4 Qb6 12. Qb3 Qxb3 13. Bxb3 Bd7 14. Rad1 Rac8 15. d5 exd5 16. Nxd5 Nxd5 17. Bxd5 Bf6 18. b3 Bf5 19. h3 h6 20. Ne5 Bxe5 21. Bxe5 Rfe8 22. Bb2 Rxe1+ 23. Rxe1 Rd8 24. Bxc6 bxc6 25. Rc1 Rd2 26. Ba3 Be4 27. Bc5 Bc2 28. Be3 Rd1+ 29. Rxd1 Bxd1 30. b4 Bxa4 31. f3 f6 32. Kf2 Kf7 33. Bc5 Bb5 34. g4 g5 35. Kg3 Be2 36. f4 Bb5 37. h4 Be2 38. hxg5 hxg5 39. f5 Ke8 40. Bd4 Ke7 41. Bc3 Kf7 42. Bd4 Ke7 43. Bc3 Kf7 44. Bd4 Ke7 1/2-1/2

[Event "European Online Club-ch-C 2021"]
[Site "Online"]
[Date "2021.03.27"]
[Round "7.6"]
[White "Plat, Vojtech"]
[Black "Grigorian, Spartak"]
[Result "1-0"]
[ECO "E60"]
[WhiteElo "2552"]
[BlackElo "2458"]
[Annotator "ChessBase"]
[PlyCount "107"]
[EventDate "2021.03.27"]
[EventType "team-tourn"]
[EventCountry "NET"]
[SourceTitle "playchess.com"]
[Source "ChessBase"]
[SourceQuality "1"]
[TimeControl "900+5"]

1. d4 Nf6 2. Nf3 g6 3. e3 Bg7 4. c4 O-O 5. Nbd2 b6 6. Bd3 Bb7 7. O-O e6 8. b3 c5 9. Bb2 Nc6 10. Rc1 Qe7 11. Bb1 Rac8 12. Re1 cxd4 13. exd4 d5 14. a3 Rfd8 15. c5 bxc5 16. dxc5 a5 17. Qe2 Ra8 18. Qb5 Qc7 19. Ne5 Nd7 20. f4 Ncxe5 21. fxe5 Ba6 22. Qa4 Nxe5 23. Bd4 Rdb8 24. Bf2 Nc6 25. Nf3 e5 26. Bg3 Bb5 27. Qh4 f6 28. Red1 Rd8 29. Ba2 Qf7 30. Rd2 e4 31. Ne1 g5 32. Qg4 h5 33. Qd1 Ne5 34. b4 Nd3 35. Nxd3 Bxd3 36. c6 f5 37. c7 f4 38. cxd8=Q+ Rxd8 39. Bf2 Qf5 40. Rc5 axb4 41. axb4 Bf8 42. Rc3 Bxb4 43. Rcxd3 Bxd2 44. Rxd2 e3 45. Rxd5 exf2+ 46. Kxf2 Rxd5 47. Qxd5+ Qxd5 48. Bxd5+ Kg7 49. Kf3 Kf6 50. Ke4 Kg6 51. Ke5 Kh6 52. Kf5 g4 53. Kxf4 Kg6 54. Be6 1-0

[Event "European Online Club-ch-C 2021"]
[Site "Online"]
[Date "2021.03.27"]
[Round "7.7"]
[White "Reuker, Jari"]
[Black "Krejci, Jan"]
[Result "0-1"]
[ECO "C92"]
[WhiteElo "2423"]
[BlackElo "2540"]
[Annotator "ChessBase"]
[PlyCount "98"]
[EventDate "2021.03.27"]
[EventType "team-tourn"]
[EventCountry "NET"]
[SourceTitle "playchess.com"]
[Source "ChessBase"]
[SourceQuality "1"]
[TimeControl "900+5"]

1. e4 e5 2. Nf3 Nc6 3. Bb5 a6 4. Ba4 Nf6 5. O-O Be7 6. Re1 b5 7. Bb3 d6 8. c3 O-O 9. h3 Bb7 10. d4 Nd7 11. Nbd2 exd4 12. cxd4 Bf6 13. Nf1 Na5 14. Bc2 Re8 15. Ng3 g6 16. Bf4 Nf8 17. b3 Ne6 18. Be3 c5 19. d5 Bxa1 20. Qxa1 Ng7 21. Bg5 f6 22. Bxf6 Qd7 23. Nh2 Rf8 24. Rf1 Rae8 25. Bg5 h5 26. Bd2 b4 27. f4 Bc8 28. Nf3 Nb7 29. Bd3 Qe7 30. e5 Bf5 31. Bc4 h4 32. Nh1 Na5 33. Qc1 Nxc4 34. Qxc4 Nh5 35. Be1 Bd7 36. Bxh4 Qg7 37. Bg5 Bb5 38. Qc1 Bxf1 39. Qxf1 Nxf4 40. e6 Nxd5 41. Qc4 Rxf3 42. gxf3 Qd4+ 43. Nf2 Qxc4 44. bxc4 Nb6 45. e7 Nxc4 46. Ne4 Kf7 47. Kf2 Ke6 48. Ke2 Nb6 49. Kd3 Nd5 0-1

[Event "European Online Club-ch-C 2021"]
[Site "Online"]
[Date "2021.03.27"]
[Round "7.8"]
[White "Hracek, Zbynek"]
[Black "Schulze, Lara"]
[Result "1/2-1/2"]
[ECO "E13"]
[WhiteElo "2565"]
[BlackElo "2269"]
[Annotator "ChessBase"]
[PlyCount "68"]
[EventDate "2021.03.27"]
[EventType "team-tourn"]
[EventCountry "NET"]
[SourceTitle "playchess.com"]
[Source "ChessBase"]
[SourceQuality "1"]
[TimeControl "900+5"]

1. d4 Nf6 2. c4 e6 3. Nc3 Bb4 4. Nf3 b6 5. Bg5 Bb7 6. Nd2 h6 7. Bh4 e5 8. dxe5 g5 9. Bg3 Bxc3 10. bxc3 Nh5 11. e3 Nxg3 12. hxg3 Qe7 13. Nf3 Nc6 14. Be2 O-O-O 15. a4 a5 16. Rb1 Nxe5 17. O-O h5 18. Nxe5 Qxe5 19. Rb5 Qe4 20. Bf3 Qxc4 21. Bxb7+ Kxb7 22. Rxg5 h4 23. Rg4 Qxc3 24. gxh4 Qc6 25. g3 Rdg8 26. Rxg8 Rxg8 27. Qd4 Qf3 28. Qxd7 f5 29. Qd1 Rxg3+ 30. fxg3 Qxg3+ 31. Kh1 Qh3+ 32. Kg1 Qg3+ 33. Kh1 Qh3+ 34. Kg1 Qg3+ 1/2-1/2

[Event "European Online Club-ch-C 2021"]
[Site "Online"]
[Date "2021.03.27"]
[Round "7.9"]
[White "Markoja, Boris"]
[Black "Bluebaum, Matthias"]
[Result "0-1"]
[ECO "E04"]
[WhiteElo "2439"]
[BlackElo "2670"]
[Annotator "ChessBase"]
[PlyCount "58"]
[EventDate "2021.03.27"]
[EventType "team-tourn"]
[EventCountry "NET"]
[SourceTitle "playchess.com"]
[Source "ChessBase"]
[SourceQuality "1"]
[TimeControl "900+5"]

1. d4 d5 2. c4 e6 3. Nf3 Nf6 4. g3 Bb4+ 5. Nbd2 dxc4 6. Bg2 b5 7. O-O a5 8. a4 c6 9. Qc2 O-O 10. b3 cxb3 11. Nxb3 bxa4 12. Nc5 Nbd7 13. Nxa4 Ba6 14. Rd1 Qe7 15. e4 h6 16. h3 c5 17. d5 exd5 18. exd5 Be2 19. Be3 Bxd1 20. Rxd1 Rad8 21. Nd2 Ne5 22. Nc4 Nxc4 23. Qxc4 Rfe8 24. Bf3 Qd7 25. Nxc5 Qc7 26. Bd4 Ne4 27. Rc1 Nxc5 28. Bxc5 Bxc5 29. Qxc5 Re1+ 0-1

[Event "European Online Club-ch-C 2021"]
[Site "Online"]
[Date "2021.03.27"]
[Round "7.10"]
[White "Heimann, Andreas"]
[Black "Subelj, Jan"]
[Result "1/2-1/2"]
[ECO "E14"]
[WhiteElo "2606"]
[BlackElo "2418"]
[Annotator "ChessBase"]
[PlyCount "146"]
[EventDate "2021.03.27"]
[EventType "team-tourn"]
[EventCountry "NET"]
[SourceTitle "playchess.com"]
[Source "ChessBase"]
[SourceQuality "1"]
[TimeControl "900+5"]

1. d4 Nf6 2. c4 e6 3. Nf3 Bb4+ 4. Nbd2 b6 5. a3 Bxd2+ 6. Qxd2 a5 7. b3 Bb7 8. e3 d6 9. Be2 Nbd7 10. O-O O-O 11. Bb2 Ne4 12. Qc2 f5 13. d5 e5 14. Nd2 Nxd2 15. Qxd2 Qh4 16. f4 Rae8 17. Bd3 Bc8 18. b4 Rf6 19. Rf3 Rf7 20. Raf1 axb4 21. axb4 Qe7 22. Bc2 exf4 23. exf4 Nf6 24. Qd4 Bd7 25. Bc3 Qf8 26. Re1 Rfe7 27. Rfe3 Rxe3 28. Rxe3 Rxe3 29. Qxe3 Qe8 30. Qxe8+ Nxe8 31. Kf2 Kf7 32. Ke3 Nf6 33. Kd4 Ne4 34. Be1 g6 35. g4 Nf6 36. g5 Ne4 37. h4 Ke8 38. Bd1 Kf7 39. h5 Kg8 40. h6 Kf7 41. Bb3 Ke7 42. Bc3 Nxc3 43. Kxc3 Kf7 44. Kb2 Ke7 45. Ka3 Bc8 46. Ba4 Ba6 47. Kb3 Kd8 48. Bc6 Ke7 49. Kc3 Kd8 50. Kd4 Ke7 51. Ba4 Kd8 52. Bc2 Bc8 53. c5 Ke7 54. Bd3 Kf7 55. Be2 Ke7 56. Bb5 Kf7 57. Bc6 Ke7 58. Bb5 Kf7 59. Be2 Bd7 60. Ba6 Ba4 61. cxb6 cxb6 62. Kc4 Ke7 63. Bc8 b5+ 64. Kc3 Kf7 65. Bd7 Kf8 66. Be6 Bd1 67. Bd7 Be2 68. Kd2 Bc4 69. Ke3 Kf7 70. Kd4 Kf8 71. Be6 Bf1 72. Kc3 Be2 73. Kd2 Bf1 1/2-1/2

[Event "European Online Club-ch-C 2021"]
[Site "Online"]
[Date "2021.03.27"]
[Round "7.11"]
[White "Skuhala, Jernej"]
[Black "Keymer, Vincent"]
[Result "0-1"]
[ECO "B92"]
[WhiteElo "2351"]
[BlackElo "2591"]
[Annotator "ChessBase"]
[PlyCount "95"]
[EventDate "2021.03.27"]
[EventType "team-tourn"]
[EventCountry "NET"]
[SourceTitle "playchess.com"]
[Source "ChessBase"]
[SourceQuality "1"]
[TimeControl "900+5"]

1. e4 c5 2. Nf3 d6 3. d4 cxd4 4. Nxd4 Nf6 5. Nc3 a6 6. Be3 e5 7. Nb3 Be7 8. Be2 Be6 9. Bf3 O-O 10. O-O Qc7 11. a4 Rc8 12. Qd2 Nbd7 13. a5 b5 14. axb6 Nxb6 15. Na5 Rab8 16. Be2 Nc4 17. Nxc4 Bxc4 18. Bxc4 Qxc4 19. Ra4 Qc6 20. Qd3 Rxb2 21. Bd2 h6 22. Rxa6 Qc4 23. Ra8 Kh7 24. Rxc8 Qxc8 25. h3 Rb4 26. Be3 Qc4 27. f3 Qxd3 28. cxd3 Rb3 29. Rc1 Bd8 30. Ne2 Rxd3 31. Bf2 g6 32. Nc3 Ba5 33. Ne2 Kg7 34. Ra1 Bb4 35. Rc1 d5 36. exd5 Nxd5 37. Rc4 Rd1+ 38. Kh2 Rd2 39. Be1 Rxe2 40. Bxb4 Rxg2+ 41. Kxg2 Ne3+ 42. Kf2 Nxc4 43. Bc3 g5 44. Ke2 Kf6 45. Kd3 Nd6 46. Bb4 Ke6 47. Ba3 f6 48. Ke3 0-1

[Event "European Online Club-ch-C 2021"]
[Site "Online"]
[Date "2021.03.27"]
[Round "7.12"]
[White "Kollars, Dmitrij"]
[Black "Marn, Jan"]
[Result "1-0"]
[ECO "C97"]
[WhiteElo "2598"]
[BlackElo "2346"]
[Annotator "ChessBase"]
[PlyCount "91"]
[EventDate "2021.03.27"]
[EventType "team-tourn"]
[EventCountry "NET"]
[SourceTitle "playchess.com"]
[Source "ChessBase"]
[SourceQuality "1"]
[TimeControl "900+5"]

1. e4 e5 2. Nf3 Nc6 3. Bb5 a6 4. Ba4 Nf6 5. O-O Be7 6. Re1 b5 7. Bb3 d6 8. c3 O-O 9. h3 Na5 10. Bc2 c5 11. d4 Qc7 12. d5 c4 13. b4 cxb3 14. axb3 Nb7 15. b4 Bd7 16. Bd3 a5 17. Bd2 axb4 18. Rxa8 Rxa8 19. cxb4 Bd8 20. Nc3 Qb6 21. Qe2 Ra3 22. Rb1 g6 23. Ne1 Nh5 24. Nc2 Nf4 25. Qf1 Ra8 26. Bxb5 Bxb5 27. Qxb5 Qxb5 28. Nxb5 Ra2 29. Bxf4 exf4 30. Nba3 Bf6 31. Rb3 g5 32. Kf1 Bb2 33. Nb5 Kg7 34. Ke2 Kf6 35. Kd3 h5 36. f3 Ke5 37. Nba3 Kf6 38. Nc4 Be5 39. Ra3 Rxa3+ 40. N2xa3 g4 41. hxg4 hxg4 42. Na5 Bb2 43. N3c4 gxf3 44. gxf3 Nxa5 45. bxa5 Bc1 46. a6 1-0

[Event "European Online Club-ch-C 2021"]
[Site "Online"]
[Date "2021.03.27"]
[Round "7.13"]
[White "Migot, Tangi"]
[Black "Fedoseev, Vladimir"]
[Result "0-1"]
[ECO "B84"]
[WhiteElo "2353"]
[BlackElo "2687"]
[Annotator "ChessBase"]
[PlyCount "120"]
[EventDate "2021.03.27"]
[EventType "team-tourn"]
[EventCountry "NET"]
[SourceTitle "playchess.com"]
[Source "ChessBase"]
[SourceQuality "1"]
[TimeControl "900+5"]

1. e4 c5 2. Nf3 d6 3. d4 cxd4 4. Nxd4 Nf6 5. Nc3 a6 6. Be2 e6 7. O-O b5 8. Bf3 Ra7 9. Be3 Rc7 10. a4 b4 11. Na2 Bb7 12. Nb3 Nbd7 13. Nxb4 Qa8 14. Na5 Bxe4 15. Bxe4 Nxe4 16. Qe2 Nec5 17. Rfd1 Be7 18. Bf4 Qe4 19. Qxe4 Nxe4 20. c3 g5 21. Be3 Nb8 22. f3 Nc5 23. Nd3 Nxd3 24. Rxd3 Nd7 25. Rc1 d5 26. b4 O-O 27. b5 axb5 28. axb5 Bc5 29. Nc6 Rb7 30. Rb1 Ra8 31. Bxc5 Nxc5 32. Rd4 Ra2 33. h4 gxh4 34. Rxh4 f5 35. c4 Rg7 36. cxd5 Raxg2+ 37. Kh1 Nd3 38. Rg4 fxg4 39. Kxg2 g3 40. Ra1 Nf4+ 41. Kg1 h5 42. Ra8+ Kh7 43. Ra7 Rxa7 44. Nxa7 Nxd5 45. Nc6 h4 46. Nd4 Kg6 47. Kg2 e5 48. Ne2 Kh5 49. Kh3 Kg5 50. Kg2 Ne3+ 51. Kh3 Nc4 52. Kg2 e4 53. fxe4 Kg4 54. Nxg3 hxg3 55. e5 Nxe5 56. b6 Nd7 57. b7 Nb8 58. Kg1 Kf3 59. Kf1 g2+ 60. Kg1 Nd7 0-1

[Event "European Online Club-ch-C 2021"]
[Site "Online"]
[Date "2021.03.27"]
[Round "7.15"]
[White "Bouget, Alexandre"]
[Black "Shimanov, Aleksandr"]
[Result "1-0"]
[ECO "E94"]
[WhiteElo "2247"]
[BlackElo "2597"]
[Annotator "ChessBase"]
[PlyCount "83"]
[EventDate "2021.03.27"]
[EventType "team-tourn"]
[EventCountry "NET"]
[SourceTitle "playchess.com"]
[Source "ChessBase"]
[SourceQuality "1"]
[TimeControl "900+5"]

1. d4 Nf6 2. c4 g6 3. Nc3 Bg7 4. e4 O-O 5. Be2 d6 6. Nf3 e5 7. O-O Bg4 8. d5 a5 9. Be3 Na6 10. Nd2 Bd7 11. b3 Ne8 12. a3 f5 13. f3 f4 14. Bf2 Bf6 15. Kh1 Bh4 16. Qe1 Bxf2 17. Qxf2 Nf6 18. Rab1 c5 19. dxc6 bxc6 20. b4 axb4 21. axb4 c5 22. b5 Nc7 23. Nb3 Ne6 24. Bd3 g5 25. Ra1 Rxa1 26. Rxa1 g4 27. Qh4 gxf3 28. gxf3 Kh8 29. Nd5 Nxd5 30. Qxd8 Rxd8 31. exd5 Ng5 32. Nd2 Nh3 33. Ne4 Bf5 34. Nxd6 Rxd6 35. Bxf5 Ng5 36. Ra6 Rd8 37. Rc6 Nxf3 38. b6 e4 39. b7 e3 40. Rc8 e2 41. Rxd8+ Kg7 42. Re8 1-0

[Event "European Online Club-ch-C 2021"]
[Site "Online"]
[Date "2021.03.27"]
[Round "7.16"]
[White "Ponkratov, Pavel"]
[Black "Lahoche, Dorian"]
[Result "1-0"]
[ECO "E73"]
[WhiteElo "2619"]
[BlackElo "2124"]
[Annotator "ChessBase"]
[PlyCount "69"]
[EventDate "2021.03.27"]
[EventType "team-tourn"]
[EventCountry "NET"]
[SourceTitle "playchess.com"]
[Source "ChessBase"]
[SourceQuality "1"]
[TimeControl "900+5"]

1. d4 Nf6 2. c4 g6 3. Nc3 Bg7 4. e4 d6 5. Be2 O-O 6. Be3 e5 7. d5 a5 8. h4 h5 9. f3 Na6 10. Nh3 Nc5 11. Ng5 Qe7 12. Qd2 a4 13. O-O-O Rd8 14. Kb1 Bd7 15. Rdg1 c6 16. g4 Kh8 17. dxc6 Bxc6 18. Rd1 Kg8 19. gxh5 Nxh5 20. Rhg1 Ne6 21. Nxe6 Qxe6 22. Bb6 Rd7 23. Nd5 Bxd5 24. cxd5 Qf6 25. Qg5 Nf4 26. Bb5 Re7 27. Rc1 Qxg5 28. hxg5 f6 29. gxf6 Bxf6 30. Bc7 Rh7 31. Bxd6 Rh2 32. Bb4 Kf7 33. Rc7+ Kg8 34. d6 Ne6 35. Bc4 1-0

[Event "European Online Club-ch-C 2021"]
[Site "Online"]
[Date "2021.03.27"]
[Round "7.17"]
[White "Braun, Christian"]
[Black "Wirig, Anthony"]
[Result "1-0"]
[ECO "A08"]
[WhiteElo "2409"]
[BlackElo "2500"]
[Annotator "ChessBase"]
[PlyCount "99"]
[EventDate "2021.03.27"]
[EventType "team-tourn"]
[EventCountry "NET"]
[SourceTitle "playchess.com"]
[Source "ChessBase"]
[SourceQuality "1"]
[TimeControl "900+5"]

1. e4 c5 2. Nf3 e6 3. d3 Nc6 4. g3 d5 5. Nbd2 Nge7 6. Bg2 g6 7. O-O Bg7 8. Re1 b6 9. exd5 Nxd5 10. d4 cxd4 11. Nb3 O-O 12. Nfxd4 Bb7 13. Nxc6 Bxc6 14. Nd4 Rc8 15. a4 Ba8 16. a5 bxa5 17. c3 Qb6 18. Qa4 Rxc3 19. bxc3 Nxc3 20. Qxa5 Qxa5 21. Rxa5 Bxd4 22. Be3 Bxe3 23. Rxe3 Bxg2 24. Kxg2 Nd5 25. Rea3 h5 26. Rxa7 Kg7 27. Rb7 Nf6 28. Raa7 Ng4 29. h3 Nf6 30. Kf3 Nd5 31. Ke4 Kf6 32. f4 Nc3+ 33. Kf3 Nd5 34. g4 hxg4+ 35. hxg4 g5 36. f5 exf5 37. Ra6+ Ke5 38. Ra5 fxg4+ 39. Kxg4 f5+ 40. Kxg5 Rg8+ 41. Kh6 Rd8 42. Kg5 Rf8 43. Rd7 Rg8+ 44. Kh6 f4 45. Rdxd5+ Ke4 46. Re5+ Kf3 47. Kh5 Kf2 48. Rf5 f3 49. Ra3 Rg3 50. Kh4 1-0

[Event "European Online Club-ch-C 2021"]
[Site "Online"]
[Date "2021.03.27"]
[Round "7.18"]
[White "Micottis, Dorian"]
[Black "Lenaerts, Lennert"]
[Result "1-0"]
[ECO "C77"]
[WhiteElo "2223"]
[BlackElo "2357"]
[Annotator "NA"]
[PlyCount "109"]
[EventDate "2021.03.27"]
[EventType "team-tourn"]
[EventCountry "NET"]
[SourceTitle "playchess.com"]
[Source "ChessBase"]
[SourceQuality "1"]
[TimeControl "900+5"]

1. e4 e5 2. Nf3 Nc6 3. Bb5 a6 4. Ba4 Nf6 5. d3 b5 6. Bb3 Bc5 7. a4 Rb8 8. O-O h6 9. axb5 axb5 10. Nc3 d6 11. Nd5 Bg4 12. c3 Nxd5 13. Bxd5 Ne7 14. Bb3 O-O 15. h3 Bh5 16. g4 Bg6 17. Nh4 c6 18. Be3 Bxe3 19. fxe3 d5 20. Nxg6 Nxg6 21. exd5 cxd5 22. Qf3 Ne7 23. Ra7 Rb6 24. Qg3 Kh8 25. d4 exd4 26. exd4 b4 27. Bc2 bxc3 28. bxc3 Kg8 29. Qc7 Qxc7 30. Rxc7 Re6 31. Kf2 f5 32. gxf5 Nxf5 33. Kg1 Rg6+ 34. Kh2 Rg2+ 35. Kxg2 Ne3+ 36. Kg3 Rxf1 37. Bb3 Rb1 38. Rb7 Kf8 39. Rb4 Rc1 40. Kf4 Rxc3 41. Rb5 Ke7 42. Ke5 Nc4+ 43. Kxd5 Nd6 44. Rb6 Rxh3 45. Bc2 Rh5+ 46. Kc6 Rh3 47. Kd5 Rc3 48. Bg6 Nc8 49. Rb7+ Kf6 50. Be4 Ne7+ 51. Kd6 Rc4 52. Rxe7 Rxd4+ 53. Kc5 Kxe7 54. Kxd4 Kf6 55. Ke3 1-0

[Event "European Online Club-ch-C 2021"]
[Site "Online"]
[Date "2021.03.27"]
[Round "7.19"]
[White "Van Meegen, Ruud"]
[Black "Bruch, Jochen"]
[Result "1-0"]
[ECO "A30"]
[WhiteElo "2295"]
[BlackElo "2187"]
[Annotator "NA"]
[PlyCount "53"]
[EventDate "2021.03.27"]
[EventType "team-tourn"]
[EventCountry "NET"]
[SourceTitle "playchess.com"]
[Source "ChessBase"]
[SourceQuality "1"]
[TimeControl "900+5"]

1. Nf3 Nf6 2. c4 e6 3. b3 c5 4. Bb2 Be7 5. g3 O-O 6. Bg2 d6 7. O-O a6 8. Nc3 Qc7 9. d4 cxd4 10. Nxd4 Ra7 11. Rc1 Bd7 12. Qd2 Rd8 13. Rfd1 Be8 14. Qe3 Ra8 15. h3 Kh8 16. g4 h6 17. Nf3 Nbd7 18. Nd5 exd5 19. Qxe7 dxc4 20. Bxf6 gxf6 21. Nh4 d5 22. Rxd5 Qf4 23. e3 Qb8 24. Nf5 b5 25. Rxd7 Qe5 26. Qf8+ Kh7 27. Qg7# 1-0

[Event "European Online Club-ch-C 2021"]
[Site "Online"]
[Date "2021.03.27"]
[Round "7.20"]
[White "Kirsch, Laurent"]
[Black "Zimmermann, Luc"]
[Result "1-0"]
[ECO "A65"]
[WhiteElo "2120"]
[BlackElo "2151"]
[Annotator "NA"]
[PlyCount "79"]
[EventDate "2021.03.27"]
[EventType "team-tourn"]
[EventCountry "NET"]
[SourceTitle "playchess.com"]
[Source "ChessBase"]
[SourceQuality "1"]
[TimeControl "900+5"]

1. d4 Nf6 2. c4 g6 3. f3 c5 4. d5 e6 5. e4 exd5 6. cxd5 d6 7. Nc3 Bg7 8. Nge2 a6 9. a4 Nbd7 10. Ng3 h5 11. Be2 h4 12. Nf1 Nh5 13. Be3 Be5 14. Qd2 Qf6 15. Bg5 Qg7 16. Bxh4 Nf4 17. Bg5 Nxg2+ 18. Kd1 Bd4 19. Ne3 Nxe3+ 20. Bxe3 Bxe3 21. Qxe3 Ne5 22. h4 Qf6 23. Qf2 Bd7 24. Kc2 O-O-O 25. Qg3 c4 26. f4 Nd3 27. Bxd3 cxd3+ 28. Kxd3 Kb8 29. Qg5 Qg7 30. h5 Rdg8 31. Qe7 f5 32. Qxd6+ Ka8 33. e5 gxh5 34. Rag1 Qf7 35. e6 Qf6 36. Qxd7 Rg4 37. Rxg4 fxg4 38. Qf7 Qd8 39. Rxh5 Rf8 40. e7 1-0

[Event "European Online Club-ch-C 2021"]
[Site "Online"]
[Date "2021.03.27"]
[Round "8.1"]
[White "Sahin, Ozgun"]
[Black "Wirig, Anthony"]
[Result "0-1"]
[ECO "B45"]
[WhiteElo "2281"]
[BlackElo "2500"]
[Annotator "ChessBase"]
[PlyCount "180"]
[EventDate "2021.03.27"]
[EventType "team-tourn"]
[EventCountry "NET"]
[SourceTitle "playchess.com"]
[Source "ChessBase"]
[SourceQuality "1"]
[TimeControl "900+5"]

1. e4 c5 2. Nf3 e6 3. d4 cxd4 4. Nxd4 Nf6 5. Nc3 Nc6 6. Bf4 Bb4 7. Ndb5 e5 8. Bg5 O-O 9. a3 Be7 10. Bxf6 Bxf6 11. Nd5 d6 12. Nxf6+ Qxf6 13. Bd3 Qg5 14. Qd2 Qxd2+ 15. Kxd2 Rd8 16. Rad1 a6 17. Nc7 Ra7 18. Nd5 b5 19. a4 b4 20. c3 bxc3+ 21. bxc3 Be6 22. Ne3 Na5 23. Rb1 g6 24. Rb6 Nb3+ 25. Kc2 Nc5 26. a5 Kf8 27. Rhb1 Ke7 28. Rc6 Rdd7 29. Rbb6 h5 30. f3 h4 31. Bxa6 f5 32. Bc8 Rxa5 33. Bxd7 Bxd7 34. Nd5+ Kf7 35. Rxd6 Ra2+ 36. Rb2 Ra7 37. exf5 Bxf5+ 38. Kd2 Nd3 39. Rbb6 Kg7 40. Nb4 Nb2 41. Rdc6 Rd7+ 42. Ke2 Kh6 43. g4 Bb1 44. Nc2 Bxc2 45. Rxb2 Bd3+ 46. Ke3 Bf1 47. Rd2 Rf7 48. Rdd6 Rg7 49. c4 h3 50. Kf2 Bg2 51. c5 Kg5 52. Kg3 Kh6 53. Re6 Kh7 54. Rxe5 Rf7 55. f4 Bxc6 56. f5 gxf5 57. Rxf5 Ra7 58. Kxh3 Bd7 59. Rg5 Ra2 60. Rd5 Bb5 61. Kg3 Rc2 62. h4 Be2 63. Rg5 Rc4 64. h5 Bd1 65. Kh4 Bf3 66. Kg3 Be2 67. Kh4 Kh6 68. Rg6+ Kh7 69. c6 Bf3 70. Kg3 Bxc6 71. g5 Be8 72. Rh6+ Kg7 73. Kh3 Bd7+ 74. Kh2 Rh4+ 75. Kg3 Rg4+ 76. Kf3 Rg1 77. Kf4 Rf1+ 78. Kg3 Be8 79. Kh4 Rg1 80. Re6 Rh1+ 81. Kg3 Bxh5 82. Rh6 Rg1+ 83. Kf4 Bg6 84. Rh4 Ra1 85. Kg3 Ra5 86. Kf4 Rf5+ 87. Kg4 Rf1 88. Rh2 Bf5+ 89. Kh5 Rf4 90. Rh4 Bg6# 0-1

[Event "European Online Club-ch-C 2021"]
[Site "Online"]
[Date "2021.03.27"]
[Round "8.2"]
[White "Micottis, Dorian"]
[Black "Okuyaz, Duru"]
[Result "1/2-1/2"]
[ECO "A04"]
[WhiteElo "2223"]
[BlackElo "2076"]
[Annotator "NA"]
[PlyCount "122"]
[EventDate "2021.03.27"]
[EventType "team-tourn"]
[EventCountry "NET"]
[SourceTitle "playchess.com"]
[Source "ChessBase"]
[SourceQuality "1"]
[TimeControl "900+5"]

1. e4 e6 2. d3 c5 3. Nf3 Nc6 4. g3 g6 5. Bg2 Bg7 6. O-O Nge7 7. Re1 O-O 8. c3 d5 9. e5 b5 10. Bf4 Qb6 11. Nbd2 a5 12. h4 a4 13. Nf1 b4 14. a3 Bd7 15. N1h2 bxc3 16. bxc3 Qb2 17. Ng4 Qxc3 18. Bh6 Bxh6 19. Nxh6+ Kg7 20. Ng4 Ng8 21. h5 f5 22. exf6+ Nxf6 23. h6+ Kg8 24. Nge5 Nxe5 25. Nxe5 Qd4 26. Qe2 Rae8 27. Rac1 Bb5 28. Red1 Ne4 29. Nf3 Qf6 30. Qc2 Ng5 31. Nxg5 Qxg5 32. Qxc5 Bd7 33. Qa7 Rd8 34. Rc7 Qe7 35. Rb1 Rf7 36. Rbb7 Qe8 37. d4 Ra8 38. Qb6 Rc8 39. Rxc8 Bxc8 40. Rxf7 Qxf7 41. Qd6 Qd7 42. Qxd7 Bxd7 43. f4 Kf7 44. g4 g5 45. Kf2 gxf4 46. Kf3 Kg6 47. Kxf4 Kxh6 48. g5+ Kg7 49. Bf1 h6 50. Bd3 hxg5+ 51. Kxg5 Be8 52. Bc2 Bd7 53. Bd1 Kf7 54. Bc2 Ke7 55. Bd1 Kd6 56. Kf6 Bc6 57. Bg4 Bd7 58. Kf7 Bc8 59. Kf6 Bd7 60. Bd1 Bb5 61. Bg4 Bd7 1/2-1/2

[Event "European Online Club-ch-C 2021"]
[Site "Online"]
[Date "2021.03.27"]
[Round "8.3"]
[White "Yagiz, Bora"]
[Black "Bruch, Jochen"]
[Result "1-0"]
[ECO "B81"]
[WhiteElo "1877"]
[BlackElo "2187"]
[Annotator "NA"]
[PlyCount "117"]
[EventDate "2021.03.27"]
[EventType "team-tourn"]
[EventCountry "NET"]
[SourceTitle "playchess.com"]
[Source "ChessBase"]
[SourceQuality "1"]
[TimeControl "900+5"]

1. e4 c5 2. Nf3 e6 3. d4 cxd4 4. Nxd4 Nf6 5. Nc3 d6 6. g4 h6 7. h4 Nc6 8. g5 hxg5 9. Bxg5 Be7 10. Qd2 a6 11. O-O-O Bd7 12. Nb3 Qc7 13. f4 Na5 14. Nxa5 Qxa5 15. e5 Bc6 16. Bg2 dxe5 17. Bxc6+ bxc6 18. Bxf6 gxf6 19. Qd7+ Kf8 20. Qxc6 Rb8 21. Rd7 Qb4 22. Nd1 exf4 23. Rh3 Qb6 24. Qe4 Bd6 25. Rb3 Bb4 26. a3 Qb5 27. Qd4 Qe5 28. axb4 Qxd4 29. Rxd4 e5 30. Rd6 Ke7 31. Rxa6 Rxh4 32. b5 e4 33. Ra4 f5 34. b6 Rh1 35. b7 f3 36. Kd2 f4 37. Rxe4+ Kd6 38. Nf2 Kc6 39. Rxf4 Rh2 40. Rfxf3 Rh6 41. Rxf7 Rd6+ 42. Nd3 Rd4 43. Rf6+ Kc7 44. Rf7+ Kc6 45. Kc3 Rh4 46. Nb4+ Kb6 47. Nd3+ Kc6 48. Rb4 Rh3 49. Rc4+ Kb6 50. b3 Rg3 51. Kb2 Ka6 52. Rc8 Rxb7 53. Nc5+ Ka5 54. Nxb7+ Kb6 55. Rc3 Rg2 56. Nd6 Ka6 57. Rc6+ Ka5 58. Ra7+ Kb4 59. Ra4# 1-0